 Dungeon Crawl Stone Soup version 0.31-a0-940-gdaa99269f9 (webtiles) character file.

Game seed: 4482709970684522041

653 Mgcat the Digger (level 7, -1/36 HPs)
             Began as a Gargoyle Earth Elementalist on Oct 20, 2023.
             Shot with an arrow by a centaur (9 damage)
             ... on level 5 of the Dungeon.
             The game lasted 00:09:13 (3839 turns).

Mgcat the Digger (Gargoyle Earth Elementalist)      Turns: 3839, Time: 00:09:14

Health: -1/36      AC:  6    Str: 11      XL:     7   Next: 54%
Magic:  12/13      EV: 12    Int: 18      God:
Gold:   186        SH:  0    Dex: 14 (16) Spells: 14/15 levels left

rFire   . . .        f - +7 rapier of the Undead {speed, *Corrode rElec rPois Will++}
rCold   . . .        (no shield)
rNeg    + + .        a - +0 robe
rPois   ∞            (no helmet)
rElec   +            (no cloak)
rCorr   .            (no gloves)
SInv    .            (no boots)
Will    ++...        (no amulet)
Stlth   +++          q - ring of positive energy {rN+}
HPRegen 0.26/turn    t - +6 ring of dexterity
MPRegen 0.13/turn

%: corrode self (3%)
@: no status effects
A: sickness immunity, AC +4, negative energy resistance 1, electricity
resistance, torment resistance 1, petrification resistance
a: no special abilities


You were on level 5 of the Dungeon.
You visited 1 branch of the dungeon, and saw 5 of its levels.

You collected 186 gold pieces.

Inventory:

Hand Weapons
 f - the +7 rapier of the Undead (weapon) {speed, *Corrode rElec rPois Will++}
   (You found it on level 4 of the Dungeon)

   rElec:     It insulates you from electricity.
   rPois:     It protects you from poison Will++: It greatly increases your
   willpower.
   *Corrode:  It may corrode you when you take damage.
Armour
 a - a +0 robe (worn)
 s - a +2 cloak
   (You found it on level 4 of the Dungeon)
Jewellery
 o - a ring of fire {rF+, rC-}
   (You found it on level 3 of the Dungeon)
 q - a ring of positive energy (left hand) {rN+}
   (You found it on level 3 of the Dungeon)
 t - a +6 ring of dexterity (right hand)
   (You found it on level 3 of the Dungeon)
Wands
 n - a wand of roots (11)
   (You took it off an orc on level 3 of the Dungeon)
Scrolls
 c - a scroll of vulnerability {unknown}
 e - 7 scrolls of identify {unknown}
 g - 4 scrolls of enchant weapon {unknown}
 i - 3 scrolls of teleportation {unknown}
 j - a scroll of acquirement {unknown}
 k - 2 scrolls of amnesia {unknown}
 p - a scroll of summoning {unknown}
 r - a scroll of poison {unknown}
 v - a scroll of fear {unknown}
Potions
 b - a potion of magic
 d - a potion of mutation {unknown}
 h - a potion of attraction {unknown}
 l - a potion of heal wounds {unknown}
 m - a potion of curing {unknown}
 u - a potion of brilliance {unknown}


   Skills:
 - Level 1.5 Dodging
 + Level 6.0 Stealth
 + Level 4.5 Spellcasting
 - Level 0.7 Transmutations
 + Level 6.5 Earth Magic


You had 14 spell levels left.
You knew the following spells:

 Your Spells              Type           Power      Damage    Failure   Level
a - Sandblast             Erth           54%        2d13      1%          1

Your spell library contained the following spells:

 Spells                   Type           Power      Damage    Failure   Level
 Passwall                 Tmut/Erth      14%        N/A       4%          2
 Stone Arrow              Conj/Erth      30%        3d8       11%         3
 Apportation              Tloc           8%         N/A       14%         1
 Shock                    Conj/Air       16%        1d4       14%         1
 Ensorcelled Hibernation  Hex/Ice        8%         N/A       22%         2
 Jinxbite                 Hex            8%         N/A       22%         2
 Petrify                  Tmut/Erth      17%        N/A       30%         4
 Brom's Barrelling Bould  Conj/Erth      15%        2d4       36%         4
 Swiftness                Air            4%         N/A       38%         3
 Airstrike                Air            2%         2d(1-17)  80%         4
 Alistair's Intoxication  Tmut/Pois      3%         N/A       97%         5


Dungeon Overview and Level Annotations

Branches:
Dungeon (5/15)
 Temple: D:4-7

Altars:
Kikubaaqudgha
Nemelex Xobeh

Annotations:
D:5 Blork the orc


Innate Abilities, Weirdness & Mutations

You are immune to sickness and miasma.
Your stone body is resilient. (AC +4)
You are immune to poison.
You resist negative energy. (rN+)
You are resistant to electric shocks. (rElec)
You are resistant to unholy torment.
You are immune to petrification.


Message History

Aim: a hound (wandering, hasn't noticed you, 76% to hit)
The blast of sand hits the hound!
The hound is heavily wounded.
Casting: Sandblast (safe; 1% risk of failure)
Confirm with . or Enter, or press ? or * to list all spells.
Aiming: Sandblast (safe; 1% risk of failure)
Press: ? - help, Shift-Dir - straight line, f/p - hound
Aim: a hound (heavily wounded, 76% to hit)
The blast of sand hits the hound.
The hound is severely wounded.
The hound bites you.
You take 5 damage, and have 31/36 hp.
You now have 11/13 mp.
Casting: Sandblast (safe; 1% risk of failure)
Confirm with . or Enter, or press ? or * to list all spells.
Aiming: Sandblast (safe; 1% risk of failure)
Press: ? - help, Shift-Dir - straight line, f/p - hound
Aim: a hound (heavily wounded, 76% to hit)
The blast of sand hits the hound!
You kill the hound!
Your Stealth skill increases to level 6!
You now have 10/13 mp.
Casting: Sandblast (safe; 1% risk of failure)
Confirm with . or Enter, or press ? or * to list all spells.
You can't see any susceptible monsters within range! (Use Z to cast anyway.)
Casting: Sandblast (safe; 1% risk of failure)
Confirm with . or Enter, or press ? or * to list all spells.
You can't see any susceptible monsters within range! (Use Z to cast anyway.)
Casting: Sandblast (safe; 1% risk of failure)
Confirm with . or Enter, or press ? or * to list all spells.
You can't see any susceptible monsters within range! (Use Z to cast anyway.)
An adder comes into view.
Health restored: 36; MP restored: 13 An ogre comes into view.
It is wielding a +0 giant club.
Spoiler Alert: The ogre (asleep) can hit for high damage in melee!
Found a stone staircase leading down.
Lua error: [string "/dgldir/rcfiles/crawl-git/Mgcat.rc"]:930: invalid capture index
Casting: Sandblast (safe; 1% risk of failure)
Confirm with . or Enter, or press ? or * to list all spells.
You can't see any susceptible monsters within range! (Use Z to cast anyway.) Lua error: [string "/dgldir/rcfiles/crawl-git/Mgcat.rc"]:930: invalid capture index
Casting: Sandblast (safe; 1% risk of failure)
Confirm with . or Enter, or press ? or * to list all spells.
You can't see any susceptible monsters within range! (Use Z to cast anyway.) Spoiler Alert: The ogre (asleep) can hit for high damage in melee!
Lua error: [string "/dgldir/rcfiles/crawl-git/Mgcat.rc"]:930: invalid capture index
Casting: Sandblast (safe; 1% risk of failure)
Confirm with . or Enter, or press ? or * to list all spells.
You can't see any susceptible monsters within range! (Use Z to cast anyway.) Lua error: [string "/dgldir/rcfiles/crawl-git/Mgcat.rc"]:930: invalid capture index
Casting: Sandblast (safe; 1% risk of failure)
Confirm with . or Enter, or press ? or * to list all spells.
You can't see any susceptible monsters within range! (Use Z to cast anyway.) Spoiler Alert: The ogre (asleep) can hit for high damage in melee!
A centaur comes into view.
Lua error: [string "/dgldir/rcfiles/crawl-git/Mgcat.rc"]:930: invalid capture index
Casting: Sandblast (safe; 1% risk of failure)
Confirm with . or Enter, or press ? or * to list all spells.
Aiming: Sandblast (safe; 1% risk of failure)
Press: ? - help, Shift-Dir - straight line, f - ogre
Aim: an ogre, wielding a +0 giant club (asleep, 100% to hit)
The blast of sand hits the ogre!
The ogre is heavily wounded.
The ogre shouts!
You hear an angry hiss.
The centaur shouts!
The centaur wields a +0 orcbow.
The centaur shoots an arrow.
The arrow hits you.
A hound comes into view.
The centaur shoots an arrow.
The arrow hits you!
You take 15 damage, and have 21/36 hp.
MASSIVE DAMAGE!!
You now have 12/13 mp.
Warning x2: The centaur is fast and can hit for moderate damage at range!
The ogre can hit for high damage in melee!
Casting: Sandblast (safe; 1% risk of failure)
Confirm with . or Enter, or press ? or * to list all spells.
Aiming: Sandblast (safe; 1% risk of failure)
Press: ? - help, Shift-Dir - straight line, f/p - ogre
Aim: an ogre, wielding a +0 giant club (heavily wounded, 92% to hit)
The blast of sand hits the ogre!
The ogre is severely wounded.
The centaur shoots an arrow.
The arrow hits you!
The centaur shoots an arrow.
The arrow hits you.
* * * LOW HITPOINT WARNING * * *
You take 14 damage, and have 7/36 hp.
MASSIVE DAMAGE!!
You now have 11/13 mp.
Warning x2: The centaur is fast and can hit for moderate damage at range!
The ogre can hit for high damage in melee!
The ogre attacks as it pursues you! The ogre hits you with a +0 giant club.
* * * LOW HITPOINT WARNING * * *
You take 2 damage, and have 5/36 hp.
Warning x2: The ogre can hit for high damage in melee!
The centaur is fast and can hit for moderate damage at range!
The ogre attacks as it pursues you! The ogre closely misses you.
Warning x2: The centaur is fast and can hit for moderate damage at range!
The ogre can hit for high damage in melee!
Warning x2: The centaur is fast and can hit for moderate damage at range!
The ogre can hit for high damage in melee!
The hound barely misses you.
Warning x2: The centaur is fast and can hit for moderate damage at range!
The ogre can hit for high damage in melee!
Warning x2: The centaur is fast and can hit for moderate damage at range!
The ogre can hit for high damage in melee!
The hound bites you but does no damage.
Spoiler Alert: The ogre can hit for high damage in melee!
The hound attacks as it pursues you! The hound closely misses you.
The hound misses you.
You see here 2 glowing cyan potions.
Warning x2: The centaur is fast and can hit for moderate damage at range!
The ogre can hit for high damage in melee!
Warning x2: The centaur is fast and can hit for moderate damage at range!
The ogre can hit for high damage in melee!
The centaur shoots an arrow.
The arrow hits you!
You die...

##.# #.##........
#.###..#........
####......#.......#
#......#....#####.#
#......#...## .#
#.....cS...# #
#......##..#
#...!O.##.S#####..
#.@h...##..c.....#
#......##.#..#####
#########.#..#
#...........#
#............
#.>)..........
#.............
#.........c...
#............


You could see an ogre, a centaur, a hound and an adder.

Vanquished Creatures
  Grinder (D:3)
  The ghost of Azuregosa the Sneak, an amateur OpDe of Uskayaw (D:3)
  A vampire bat (D:4)
  A quasit (D:3)
  2 hounds
  An orc priest (D:3)
  A sleepcap (D:5)
  11 adders
  9 orcs
  9 ball pythons
  3 bat skeletons (D:4)
  3 bat zombies (D:4)
  9 endoplasms
  4 giant cockroaches
  4 goblins (D:2)
  5 hobgoblins
  7 quokkas
  6 bats
  8 frilled lizards
  7 kobolds
  5 rats
98 creatures vanquished.

Notes
Turn   | Place    | Note
-------+----------+-------------------------------------------
     0 | D:1      | Mgcat the Gargoyle Earth Elementalist began the quest for
                  | the Orb.
     0 | D:1      | Reached XP level 1. HP: 10/10 MP: 3/3
   345 | D:1      | Reached XP level 2. HP: 15/15 MP: 3/5
   558 | D:1      | Reached skill level 4 in Earth Magic
   973 | D:1      | Reached XP level 3. HP: 19/19 MP: 4/6
   974 | D:1      | Reached skill level 3 in Stealth
  1264 | D:2      | Found a sparkling altar of Nemelex Xobeh.
  1327 | D:2      | Reached XP level 4. HP: 24/24 MP: 5/8
  1850 | D:3      | Reached skill level 3 in Spellcasting
  1850 | D:3      | Reached XP level 5. HP: 14/28 MP: 0/9
  2001 | D:3      | Reached skill level 4 in Stealth
  2051 | D:3      | Noticed Grinder
  2070 | D:3      | Killed Grinder
  2071 | D:3      | Reached skill level 5 in Earth Magic
  2071 | D:3      | Reached XP level 6. HP: 20/32 MP: 1/11
  2115 | D:3      | Reached skill level 5 in Stealth
  2375 | D:3      | Found a transporter.
  2376 | D:3      | Noticed Azuregosa's ghost (amateur OpDe)
  2672 | D:3      | Found a transporter.
  2725 | D:3      | Reached skill level 4 in Spellcasting
  2804 | D:3      | Killed Azuregosa's ghost
  2805 | D:3      | Reached skill level 6 in Earth Magic
  2805 | D:3      | Reached XP level 7. HP: 25/36 MP: 8/13
  2898 | D:4      | Identified the +7 rapier of the Undead {speed, *Corrode
                  | rElec rPois Will++}
  3156 | D:4      | Found an ancient bone altar of Kikubaaqudgha.
  3677 | D:5      | Entered Level 5 of the Dungeon
  3677 | D:5      | Noticed Blork the orc
  3791 | D:5      | Reached skill level 6 in Stealth
  3828 | D:5      | HP: 7/36 [centaur/arrow (5)]
  3839 | D:5      | Shot with an arrow by a centaur

Illustrated notes

Levels and vault maps discovered:
D:1:      dpeg_cavernosity, layout_basic, hex_intersection, st_stairs_7
D:2:      layout_basic, basic_altar
D:3:      layout_basic, gammafunk_ghost_stat_death, uniq_grinder
D:4:      layout_loops_ring, kennysheep_vampire_church
D:5:      layout_rooms, uniq_blork_the_orc, uniq_pikel

Skill      XL: |  1  2  3  4  5  6  7 |
---------------+----------------------+-----
Earth Magic    | 4 5 6 |  6.5
Stealth        | 3 4 5 6 |  6.0
Spellcasting   | 3 4 |  4.5
Dodging        | |  1.5
Transmutations | |  0.7

Action                     |  1- 3 |  4- 6 |  7- 9 || total
---------------------------+-------+-------+-------++-------
  Melee: Club              |       |     1 |       ||     1
   Cast: Sandblast         |    43 |    75 |    40 ||   158
 Armour: Robe              |     6 |    62 |    18 ||    86
  Dodge: Dodged            |     2 |    51 |    13 ||    66

Table legend: (Time is in decaauts)
 A = Elapsed time spent in this place.
 B = Non-inter-level travel time spent in this place.
 C = Inter-level travel time spent in this place.
 D = Time resting spent in this place.
 E = Time spent auto-exploring this place.
 F = Levels seen in this place.
 G = Mean time per level.
                   A        B        C        D        E       F      G
               +--------+--------+--------+--------+--------+-----+--------+
         Total |   3915 |   3725 |    190 |    218 |   2905 |   5 |  783.0 |
       Dungeon |   3915 |   3725 |    190 |    218 |   2905 |   5 |  783.0 |
               +--------+--------+--------+--------+--------+-----+--------+

Top non-repeatable levels by time:
     D:1: 1160 daAuts
     D:3: 1133 daAuts
     D:4: 839 daAuts
     D:2: 655 daAuts
     D:5: 126 daAuts

Levels and vault maps discovered:
D:1:      dpeg_cavernosity, layout_basic, hex_intersection, st_stairs_7
D:2:      layout_basic, basic_altar
D:3:      layout_basic, gammafunk_ghost_stat_death, uniq_grinder
D:4:      layout_loops_ring, kennysheep_vampire_church
D:5:      layout_rooms, uniq_blork_the_orc, uniq_pikel

Table legend: (Time is in decaauts)
 A = Elapsed time spent in this place.
 B = Non-inter-level travel time spent in this place.
 C = Inter-level travel time spent in this place.
 D = Time resting spent in this place.
 E = Time spent auto-exploring this place.
 F = Levels seen in this place.
 G = Mean time per level.
                   A        B        C        D        E       F      G
               +--------+--------+--------+--------+--------+-----+--------+
         Total |   3915 |   3725 |    190 |    218 |   2905 |   5 |  783.0 |
       Dungeon |   3915 |   3725 |    190 |    218 |   2905 |   5 |  783.0 |
               +--------+--------+--------+--------+--------+-----+--------+

Top non-repeatable levels by time:
     D:1: 1160 daAuts
     D:3: 1133 daAuts
     D:4: 839 daAuts
     D:2: 655 daAuts
     D:5: 126 daAuts

Table legend:
 A = Kills in this place as a percentage of kills in the entire game.
 B = Kills by you in this place as a percentage of kills by you in the entire game.
 C = Kills by friends in this place as a percentage of kills by friends in the entire game.
 D = Other kills in this place as a percentage of other kills in the entire game.
 E = Experience gained in this place as a percentage of experience gained in the entire game.
 F = Experience gained in this place divided by the number of levels of this place that you have seen.
                   A       B       C       D       E      F
               +-------+-------+-------+-------+-------+----------------------
         Total | 100.0 | 100.0 |   N/A |   N/A | 100.0 | 186.6
       Dungeon | 100.0 | 100.0 |   N/A |   N/A | 100.0 | 186.6
               +-------+-------+-------+-------+-------+----------------------
